 Dungeon Crawl Stone Soup version 0.25-a0-670-g50981ef59b (webtiles) character file.

Game seed: 8424065477826235923, levelgen mode: deterministic

10 Error4North the Ruffian (level 2, 0/23 HPs)
             Began as a Draconian Transmuter on Mar 30, 2020.
             Slain by a goblin
             ... wielding a +0 dagger
              (1 damage)
             ... on level 1 of the Dungeon.
             The game lasted 00:01:30 (142 turns).

Error4North the Ruffian (Draconian Transmuter)       Turns: 142, Time: 00:01:30

Health: 0/23       AC:  4    Str: 12    XL:     2   Next: 10%
Magic:  5/5        EV: 12    Int: 13    God:
Gold:   13         SH:  0    Dex: 11    Spells: 4/5 levels left

rFire    . . .     SeeInvis .     - Unarmed
rCold    . . .     Gourm    .   (no shield)
rNeg     . . .     Faith    .   (armour unavailable)
rPois    .         Spirit   .   (helmet restricted)
rElec    .         Reflect  .   (no cloak)
rCorr    .         Harm     .   (no gloves)
MR       .....                  (boots currently unavailable)
Stlth    +.........             (no amulet)
HPRegen  0.07/turn              (no ring)
MPRegen  0.09/turn              (no ring)

@: appendage (expiring)
A: unfitting armour, talons 3, cold-blooded, AC +4
a: End Transformation


You were on level 1 of the Dungeon.
You were not hungry.
You had grown temporary talons.
You visited 1 branch of the dungeon, and saw 1 of its levels.

You collected 13 gold pieces.

Inventory:

Missiles
 a - 12 arrows
Potions
 b - a potion of heal wounds {unknown}
Comestibles
 c - a ration


   Skills:
 * Level 1.3 Fighting
 * Level 1.9 Dodging
 * Level 0.4 Stealth
 + Level 3.2 Unarmed Combat
 + Level 2.0 Spellcasting
 + Level 2.0 Transmutations


You had 4 spell levels left.
You knew the following spells:

 Your Spells              Type           Power        Failure   Level  Hunger
a - Beastly Appendage     Tmut           #.....       11%         1    ##.....

Your spell library contained the following spells:

 Spells                   Type           Power        Failure   Level  Hunger
 Sticks to Snakes         Tmut           #.......     17%         2    ###....
 Spider Form              Tmut/Pois      #.........   45%         3    ####...
 Ice Form                 Ice/Tmut       #.......     86%         4    #####..
 Blade Hands              Tmut           #.........   97%         5    ######.


Dungeon Overview and Level Annotations

Branches:
Dungeon (1/15)

Altars:


Innate Abilities, Weirdness & Mutations

Your plain brown scales are hard. (AC +4)
You cannot fit into any form of body armour.
You are cold-blooded and may be slowed by cold attacks.
You have claws for feet.


Message History

Your feet morph into talons.
The bat hits you but does no damage. The bat misses you.
You barely miss the bat. Your kick misses the bat. The bat barely misses you.
The bat hits you but does no damage.
You hit the bat but do no damage. Your kick misses the bat. The bat hits you.
* * * LOW HITPOINT WARNING * * *
You barely miss the bat. The bat barely misses you.
You closely miss the bat. The bat barely misses you.
The bat hits you but does no damage.
You hit the bat.
You kill the bat!
Your transformation is almost over.
You barely miss the goblin. The goblin misses you.
You closely miss the goblin. The goblin barely misses you.
You miss the goblin. Your kick misses the goblin. The goblin misses you.
You barely miss the goblin. The goblin misses you.
You barely miss the goblin. Your kick misses the goblin.
The goblin closely misses you.
You barely miss the goblin. The goblin hits you with a +0 dagger.
You die...

....§§
.....##.......# ###
....§§
#.....#######.##.....
....§# #[..##
#b........ ....#
#...#####†#.#.....
...# #....l##.#.#
.... ...#
#..##..l.#.. .## ..#
##l####.##... .# ..#
#g# ##.# .... # ..#
#@###..# ..l.. ..##
##.##..## ...... ...#
#...).## ...##
##..#### .§§§##
##..## .§§.§###
###...#
.§§§§§§####....##
#§§§§§§§......##
###§§§§§§§..###


You could see a leopard gecko and a goblin.

Vanquished Creatures
  2 leopard geckos (D:1)
  A bat (D:1)
  A goblin (D:1)
  2 hobgoblins (D:1)
  A kobold (D:1)
7 creatures vanquished.

Notes
Turn   | Place    | Note
-------+----------+-------------------------------------------
     0 | D:1      | Error4North the Draconian Transmuter began the quest for
                  | the Orb.
     0 | D:1      | Reached XP level 1. HP: 16/16 MP: 3/3
    86 | D:1      | Reached XP level 2. HP: 8/23 MP: 3/5
   127 | D:1      | HP: 1/23 [bat (1)]
   133 | D:1      | HP: 1/23 [bat (1)]
   142 | D:1      | Slain by a goblin

Levels and vault maps discovered:
D:1:      heliophobic_arrival_dark_side_of_the_moon, layout_rooms

Action                   || total
-------------------------++-------
Melee: Unarmed           ||    38
       Tailslap          ||     5
       Kick              ||     3
 Cast: Beastly Appendage ||     4
Armor: Skin              ||    14
Dodge: Dodged            ||    31

Table legend:
 A = Non-vault XP
 B = Vault XP
 C = Vault XP percentage of total XP
 D = Non-vault monster count
 E = Vault monster count
 F = Vault count percentage of total count
                 A         B        C        D         E       F
            +---------+---------+-------+---------+---------+-------
      Total |      15 |       0 |   0.0 |       7 |       0 |   0.0
            +---------+---------+-------+---------+---------+-------
        D:1 |      15 |       0 |   0.0 |       7 |       0 |   0.0
            +---------+---------+-------+---------+---------+-------
